AoeStats
← flegrea44

Lombardia

509652436Analyzed
4v4 RM · 6d ago on Sep 27, 2026· 51m 39s· 8 players
Game mode
Random Map
Map size
Large (8 player)
Population
200
Speed
Normal
Resources
Standard
Victory
Conquest
Starting age
Dark Age
Ending age
Imperial Age
RankedLock teamsTeams togetherTeam positionsShared explorationLock speedFull tech treeHidden civsTurbo modeCheats
Victory
Defeat
🇨🇳 Cumans · China
1272
+10
🇨🇳 Ethiopians · China
1206
+12
1168
+14
1143
+15
🇬🇧 Huns · United Kingdom
1153
-14
🇮🇹 Franks · Italy
1122
-13
🇩🇪 Varangians · Germany
1105
-12
🇫🇷 Khitans · France
1103
-12
Baldwin IV the Leper King
13:18 Feudal Age
14:04 Double-Bit Axe
16:43 Castle Age
16:07 Horse Collar
16:39 Fletching
16:51 Padded Archer Armor
17:42 Gold Mining
21:21 Heavy Plow
21:51 Stone Mining
24:34 Leather Archer Armor
25:20 Gold Shaft Mining
25:35 Thumb Ring
26:00 Bodkin Arrow
27:03 Wheelbarrow
28:45 Ballistics
33:44 Hand Cart
36:25 Imperial Age
37:00 Heavy Cavalry Archer
38:10 Parthian Tactics
37:49 Bracer
38:52 Chemistry
47:50 Scale Barding Armor
51:30 Forging
51:41 Chain Barding Armor
51:09 Light Cavalry
52:01 Bloodlines
51:53 Husbandry
flegrea44
7:11 Loom
9:25 Feudal Age
12:15 Double-Bit Axe
19:08 Castle Age
18:17 Gold Mining
19:12 Forging
20:17 Bow Saw
23:00 Gold Shaft Mining
23:16 Scale Barding Armor
28:16 Iron Casting
29:13 Wheelbarrow
28:24 Town Watch
31:33 Chain Barding Armor
35:38 Imperial Age
33:18 Pikeman
33:59 Squires
39:41 Cavalier
41:57 Husbandry
41:32 Paladin
43:31 Blast Furnace
43:07 Plate Barding Armor
42:55 Hand Cart
45:12 Conscription
Nomad
9:00 Loom
10:45 Feudal Age
12:12 Horse Collar
12:18 Double-Bit Axe
15:33 Wheelbarrow
18:50 Castle Age
17:41 Stone Mining
17:44 Gold Mining
19:49 Heavy Plow
20:01 Bow Saw
20:12 Hand Cart
26:30 Husbandry
26:42 Forging
33:37 Iron Casting
33:08 Scale Barding Armor
38:55 Stone Shaft Mining
41:51 Imperial Age
40:05 Chain Barding Armor
41:21 Bloodlines
41:52 Elite Jarl
42:53 Conscription
43:39 Blast Furnace
43:14 Plate Barding Armor
ravi0licru
6:18 Loom
8:40 Feudal Age
9:37 Double-Bit Axe
11:58 Forging
16:27 Scale Barding Armor
21:50 Castle Age
20:08 Gold Mining
20:27 Domestication
21:48 Town Watch
22:40 Wheelbarrow
23:15 Iron Casting
22:43 Husbandry
23:51 Light Cavalry
25:27 Hand Cart
26:17 Chain Barding Armor
27:19 Bow Saw
28:11 Pastoralism
29:51 Stone Mining
30:19 Fletching
左拳伤害高 右拳高伤害
2:21 Loom
13:02 Feudal Age
15:42 Double-Bit Axe
20:02 Castle Age
21:52 Horse Collar
23:32 Heavy Plow
26:04 Bow Saw
27:35 Wheelbarrow
31:47 Hand Cart
32:54 Fletching
33:37 Bodkin Arrow
33:48 Husbandry
33:59 Bloodlines
34:47 Scale Barding Armor
35:29 Padded Archer Armor
35:41 Forging
38:54 Imperial Age
37:37 Leather Archer Armor
37:57 Iron Casting
37:27 Gold Mining
37:27 Stone Mining
40:17 Conscription
39:17 Elite Jarl
40:51 Caravan
42:41 Ring Archer Armor
43:11 Blast Furnace
45:08 Two-Man Saw
44:07 Town Watch
46:00 Crop Rotation
48:03 Stone Shaft Mining
48:30 Bracer
48:55 Chain Barding Armor
48:35 Scale Mail Armor
51:09 Plate Barding Armor
微辣十三香
5:10 Loom
11:33 Feudal Age
13:58 Double-Bit Axe
16:29 Castle Age
15:09 Fletching
16:50 Crossbowman
22:32 Horse Collar
25:32 Bow Saw
26:13 Wheelbarrow
25:46 Gold Mining
26:10 Heavy Plow
28:44 Ballistics
29:45 Gold Shaft Mining
29:00 Stone Mining
30:16 Masonry
31:03 Hand Cart
30:47 Bodkin Arrow
30:58 Padded Archer Armor
34:03 Leather Archer Armor
36:18 Thumb Ring
38:22 Town Watch
42:00 Imperial Age
40:43 Caravan
42:13 Arbalester
43:32 Stone Shaft Mining
43:32 Conscription
43:17 Bracer
44:21 Chemistry
43:55 Torsion Engines
45:23 Ring Archer Armor
45:42 Onager
47:44 Two-Man Saw
46:50 Town Patrol
49:33 Siege Onager
50:46 Architecture
50:21 Siege Engineers
懒羊羊<爱睡懒觉版>
4:19 Loom
11:03 Feudal Age
19:24 Castle Age
17:50 Double-Bit Axe
23:16 Horse Collar
32:53 Fletching
33:04 Padded Archer Armor
36:38 Bodkin Arrow
39:24 Imperial Age
37:38 Wheelbarrow
36:48 Town Watch
37:17 Bow Saw
37:11 Heavy Plow
37:59 Forging
39:14 Hand Cart
39:45 Ballistics
40:20 Bracer
40:56 Iron Casting
40:37 Leather Archer Armor
40:59 Gold Mining
41:00 Stone Mining
40:42 Elite Mangudai
41:43 Conscription
43:17 Blast Furnace
45:03 Chemistry
44:10 Nomads
49:07 Bloodlines
48:59 Husbandry
王炸炸
2:47 Loom
11:19 Feudal Age
13:08 Horse Collar
13:16 Double-Bit Axe
22:20 Castle Age
20:51 Bloodlines
22:16 Wheelbarrow
21:54 Scale Barding Armor
21:52 Gold Mining
22:38 Forging
23:57 Wheelbarrow
28:53 Chain Barding Armor
29:09 Iron Casting
29:23 Capped Ram
37:51 Light Cavalry
42:30 Imperial Age
42:31 Cavalier
43:53 Plate Barding Armor
44:35 Hand Cart
44:08 Town Watch
45:30 Blast Furnace
44:32 Scale Mail Armor
44:49 Squires
44:35 Arson
47:15 Bow Saw
47:09 Heavy Plow
46:35 Paladin
47:24 Town Patrol
50:07 Conscription
49:51 Hussar
50:49 Chain Mail Armor
50:25 Fletching
50:36 Padded Archer Armor
Connection lost

Rejoining the realm…

Still unreachable

The connection could not be restored.

Session expired

The server has moved on; the page needs a fresh start.